 Dungeon Crawl Stone Soup version 0.28.0-53-g5a82cb258f (webtiles) character file.

Game seed: 17031254502500984335

9 Zeld the Gusty (level 2, -2/15 HPs)
             Began as a Tengu Air Elementalist on June 15, 2022.
             Slain by a jackal (3 damage)
             ... on level 1 of the Dungeon.
             The game lasted 00:01:01 (185 turns).

Zeld the Gusty (Tengu Air Elementalist)              Turns: 185, Time: 00:01:02

Health: -2/15      AC:  2    Str:  8    XL:     2   Next: 12%
Magic:  0/6        EV: 12    Int: 15    God:
Gold:   0          SH:  0    Dex: 14    Spells: 4/5 levels left

rFire   . . .      SeeInvis .   (no weapon)
rCold   . . .      Faith    .   (no shield)
rNeg    . . .      Spirit   .   a - +0 robe
rPois   .          Reflect  .   (helmet restricted)
rElec   .          Harm     .   (no cloak)
rCorr   .          Rampage  .   (no gloves)
Will    .....                   (boots unavailable)
Stlth   ++........              (no amulet)
HPRegen 0.05/turn               (no ring)
MPRegen 0.10/turn               (no ring)

@: no status effects
A: beak, talons 3
a: no special abilities


You were on level 1 of the Dungeon.
You visited 1 branch of the dungeon, and saw 1 of its levels.

Inventory:

Armour
 a - a +0 robe (worn)


   Skills:
 - Level 2.1 Dodging
 - Level 2.0 Stealth
 * Level 2.2 Spellcasting
 + Level 1.7 Conjurations
 * Level 4.3 Air Magic


You had 4 spell levels left.
You knew the following spells:

 Your Spells              Type           Power      Damage    Failure   Level
a - Shock                 Conj/Air       40%        1d5       6%          1

Your spell library contained the following spells:

 Spells                   Type           Power      Damage    Failure   Level
 Static Discharge         Conj/Air       10%        N/A       10%         2
 Swiftness                Air            14%        N/A       11%         3
 Airstrike                Air            7%         N/A       34%         4


Dungeon Overview and Level Annotations

Branches:
Dungeon (1/15)

Altars:


Innate Abilities, Weirdness & Mutations

You have a beak for a mouth.
You have claws for feet.


Message History

The zap hits the jackal.
The jackal is heavily wounded.
The ball python bites you but does no damage.
The ball python constricts you.
Unknown command.
Casting: Shock (safe; 7% risk of failure)
Confirm with . or Enter, or press ? or * to list all spells.
Aiming: Shock (safe; 7% risk of failure)
Press: ? - help, Shift-Dir - straight line The zap misses the ball python.
The zap hits the kobold.
The kobold is severely wounded.
The zap hits the hobgoblin.
You kill the hobgoblin!
The zap misses the jackal.
The ball python bites you but does no damage.
The ball python constricts you.
Unknown command.
You escape the ball python's grasp.
The ball python closely misses you. The ball python grabs you.
The ball python constricts you.
The ball python's grasp on you weakens, but your attempt to escape fails.
The ball python bites you.
* * * LOW HITPOINT WARNING * * *
The ball python constricts you.
* * * LOW HITPOINT WARNING * * *
You escape the ball python's grasp.
Casting: Shock (safe; 6% risk of failure)
Confirm with . or Enter, or press ? or * to list all spells.
Aiming: Shock (safe; 6% risk of failure)
Press: ? - help, Shift-Dir - straight line The zap hits the ball python.
You kill the ball python!
The zap hits the kobold.
You kill the kobold!
The zap misses the jackal.
You have reached level 2!
The jackal bites you.
* * * LOW HITPOINT WARNING * * *
The jackal bites you.
You die...

#...# #...........#...........
####...###.......................
......... .......................
.......####..................###.
.......†h.†..................# #.
.......####.##..#####........# #.
###....# #.##..#............###.
#....# #.##..#.....#..#.###.†.
#....# #.##.h@.....#.##.# #.##
#.#.## #)##.###.......#.# #...
#.#.. #.##.# #.####..#.###...
#.### #†##.# #.# #..#†##∩...
##.##.###.# #..#.##÷...
#......##.# #..# #∩....
#......##.# #..# ##÷...
#......##.# #..# #..÷.
##........# ..# #..##


You could see a jackal.

Vanquished Creatures
  A ball python (D:1)
  A bat (D:1)
  A giant cockroach (D:1)
  2 hobgoblins (D:1)
  A kobold (D:1)
  A rat (D:1)
7 creatures vanquished.

Notes
Turn   | Place    | Note
-------+----------+-------------------------------------------
     0 | D:1      | Zeld the Tengu Air Elementalist began the quest for the
                  | Orb.
     0 | D:1      | Reached XP level 1. HP: 10/10 MP: 4/4
   178 | D:1      | Reached XP level 2. HP: 2/15 MP: 0/6
   185 | D:1      | Slain by a jackal

Illustrated notes

Levels and vault maps discovered:
D:1:      amcnicky_arrival_abandoned_market, layout_basic

Action                   || total
-------------------------++-------
Melee: Unarmed           ||     7
       Kick              ||     1
 Cast: Shock             ||    11
Armor: Robe              ||     4
Dodge: Dodged            ||     5
